 Dungeon Crawl Stone Soup version 0.31-a0-1074-g0b22e4e0f1 (webtiles) character file.

Game seed: 4546766051906048480

114 Curundu the Chopper (level 4, 0/40 HPs)
             Began as a Draconian Berserker on Dec 6, 2023.
             Was a Priest of Trog.
             Slain by an orc priest
             ... wielding a +0 flail
              (8 damage)
             ... on level 3 of the Dungeon.
             The game lasted 00:13:51 (2712 turns).

Curundu the Chopper (Draconian Berserker)           Turns: 2712, Time: 00:13:52

Health: 0/40       AC:  5    Str: 19    XL:     4   Next: 67%
Magic:  0/13       EV: 13    Int:  7    God:    Trog [***...]
Gold:   92         SH:  0    Dex: 13    Spells: 3/3 levels left

rFire   + + .        a - +0 hand axe
rCold   . . .        (no shield)
rNeg    . . .        (body armour unavailable)
rPois   +            (helmet restricted)
rElec   +            (no cloak)
rCorr   +            (no gloves)
SInv    .            (no boots)
Will    .....        e - amulet of guardian spirit
Stlth   +            o - ring of magical power
HPRegen 0.26/turn    r - ring of fire
MPRegen 0.13/turn

%: guardian spirit
@: mighty, resistant
A: AC +5, unfitting armour, cold-blooded
a: Renounce Religion, Berserk, Trog's Hand


You were on level 3 of the Dungeon.
You worshipped Trog.
Trog was most pleased with you.
You visited 1 branch of the dungeon, and saw 3 of its levels.

You collected 92 gold pieces.

Inventory:

Hand Weapons
 a - a +0 hand axe (weapon)
 c - a +0 sling
Missiles
 b - 6 boomerangs
 d - 4 poisoned darts
Jewellery
 e - an amulet of guardian spirit (around neck)
 o - a ring of magical power (left hand)
 r - a ring of fire (right hand)
Scrolls
 l - a scroll of identify
 n - a scroll of immolation {unknown}
 p - a scroll of teleportation {unknown}
 q - a scroll of amnesia {unknown}
Potions
 f - 2 potions of enlightenment {unknown}
 g - a potion of resistance
 h - 2 potions of curing {unknown}
 i - 2 potions of might
 j - a potion of mutation {unknown}


   Skills:
 + Level 4.0 Fighting
 + Level 4.2 Axes
 + Level 3.5 Dodging
 + Level 0.5 Stealth


You had 3 spell levels left.
You didn't know any spells.
Your spell library contained the following spells:

 Spells                   Type           Power      Damage    Failure   Level
 Scorch                   Fire           0%         2d5       56%         2
 Flame Wave               Conj/Fire      0%         2d4       99%         4
 Summon Cactus Giant      Summ           0%         N/A       100%        6


Dungeon Overview and Level Annotations

Branches:
Dungeon (3/15)

Altars:

Shops:
D:3 (


Innate Abilities, Weirdness & Mutations

Your plain brown scales are hard. (AC +5)
You cannot fit into any form of body armour.
You are cold-blooded and may be slowed by cold attacks.


Message History

Trog accepts your kill.
A quokka comes into view.
Found a stone staircase leading down.
You now have 92 gold pieces (gained 11).
Found a scroll labelled ZAURAT IJITI.
An orc priest comes into view. It is wielding a +0 flail.
The orc priest shouts!
The orc priest looks braver for a moment.
You hear a shout!
An orc comes into view. It is wielding a +0 flail.
The orc shouts!
An orc priest comes into view. It is wielding a +0 trident.
The orc priest invokes the aid of Beogh against you.
Beogh smites you!
The orc moves out of view.
You hear a shout!
An orc comes into view. It is wielding a +0 club.
The orc priest calls down the wrath of Beogh upon you.
Beogh smites you!
You see here a scroll labelled ZAURAT IJITI.
The orc priest mumbles some strange prayers to Beogh against you.
Beogh smites you!
* * * LOW HITPOINT WARNING * * *
Unknown command.
The air fills with toxic fumes!
As you read the scroll labelled FUZEESTR MYUMUDWA, it crumbles to dust.
It was a scroll of poison.
The orc priest looks braver for a moment.
As you read the scroll labelled NIFE VIXZOGH, it crumbles to dust.
You feel aware of your surroundings.
It was a scroll of revelation.
As you read the scroll labelled ZAURAT IJITI, it crumbles to dust.
It is a scroll of identify.
i - 3 potions of might You feel very mighty all of a sudden.
It was a potion of resistance.
You feel protected.
The orc priest mumbles some strange prayers to Beogh against you.
Pain shoots through your body!
* * * LOW HITPOINT WARNING * * *
The orc priest hits you with a +0 flail!
You die...

#.# ##...................>.###
#.####......##.....###.........
#.#.........##.....###.....####
###.#.##.#....##.....#######.#...
....#.##.#######.............†...
.........#######.....####....#...
....#.################# #....####
........§§☼§§☼§§§☼§§☼## #....# #
#.#.....§☼§§§☼§.@o§#..# ####.#
#.#.....§§§§☼§§§§§§§#.# #.#
#.#.....☼§§§§§§§§☼oo#+#* #.#
#.......§§§☼§§§§§r#o§§§* #.#
####....§§§§§####§#.§§§# #.#
,.......§§§§§..##§#..§§# #.#
..#######§§§...##§#...§# #.# #,*
#§§§...##☼#.#.## #.## *,*
#..#####*,*,#..#* #..#


You could see 2 orc priests, 2 orcs and a quokka.

Vanquished Creatures
  3 adders
  2 worms
  An orc (D:2)
  7 ball pythons
  8 endoplasms
  6 giant cockroaches
  4 goblins
  5 hobgoblins
  11 jackals
  8 kobolds
  3 quokkas
  8 bats
  2 frilled lizards (D:2)
  3 rats
71 creatures vanquished.

Notes
Turn   | Place    | Note
-------+----------+-------------------------------------------
     0 | D:1      | Curundu the Draconian Berserker began the quest for the
                  | Orb.
     0 | D:1      | Reached XP level 1. HP: 19/19 MP: 1/1
   271 | D:1      | Reached XP level 2. HP: 26/26 MP: 2/2
   824 | D:1      | Reached XP level 3. HP: 31/33 MP: 3/3
   967 | D:2      | Reached ** piety under Trog
  1594 | D:2      | Reached XP level 4. HP: 38/40 MP: 4/4
  2110 | D:3      | Reached *** piety under Trog
  2435 | D:3      | Found Jarchem's Antique Weapon Shop.
  2712 | D:3      | Slain by an orc priest

Illustrated notes

Levels and vault maps discovered:
D:1:      dpeg_arrival_short_road, layout_basic
D:2:      layout_loops_cross
D:3:      layout_basic, serial_shops, nicolae_shop_behind_doors

Skill      XL: |  1  2  3  4 |
---------------+-------------+-----
Dodging        | 3 |  3.5
Axes           | 4 |  4.2
Fighting       | 4 |  4.0
Stealth        | |  0.5

Action                     |  1- 3 |  4- 6 || total
---------------------------+-------+-------++-------
  Melee: Hand axe          |   150 |    54 ||   204
         Tailslap          |    11 |    10 ||    21
         Punch             |       |     1 ||     1
    Use: Scroll            |       |     3 ||     3
         Potion            |       |     2 ||     2
   Stab: Sleeping          |       |     1 ||     1
 Armour: Skin              |   110 |    25 ||   135
  Dodge: Dodged            |    98 |    44 ||   142

Table legend: (Time is in decaauts)
 A = Elapsed time spent in this place.
 B = Non-inter-level travel time spent in this place.
 C = Inter-level travel time spent in this place.
 D = Time resting spent in this place.
 E = Time spent auto-exploring this place.
 F = Levels seen in this place.
 G = Mean time per level.
                   A        B        C        D        E       F      G
               +--------+--------+--------+--------+--------+-----+--------+
         Total |   2736 |   2732 |      4 |    409 |      0 |   3 |  912.0 |
       Dungeon |   2736 |   2732 |      4 |    409 |      0 |   3 |  912.0 |
               +--------+--------+--------+--------+--------+-----+--------+

Top non-repeatable levels by time:
     D:2: 1137 daAuts
     D:1: 977 daAuts
     D:3: 621 daAuts
